 Dungeon Crawl Stone Soup version 0.31.0-11-ge490571c62 (webtiles) character file.

Game seed: 15733974618183584500

484 qw the Shooter (level 6, -8/30 HPs)
             Began as a Spriggan Hunter on Feb 3, 2024.
             Mangled by an ogre
             ... wielding a +0 giant club
              (17 damage)
             ... on level 4 of the Dungeon.
             The game lasted 00:00:11 (2147 turns).

qw the Shooter (Spriggan Hunter)                    Turns: 2147, Time: 00:00:12

Health: -8/30      AC:  2    Str:  7    XL:     6   Next: 88%
Magic:  7/7        EV: 21    Int: 10    God:
Gold:   129        SH:  0    Dex: 21    Spells: 5/5 levels left

rFire   . . .        a - +3 shortbow (heavy)
rCold   . . .        (shield currently unavailable)
rNeg    . . .        c - +0 robe
rPois   .            (helmet restricted)
rElec   .            (no cloak)
rCorr   .            (gloves unavailable)
SInv    +            (boots unavailable)
Will    +....        h - amulet of regeneration
Stlth   ++           (no ring)
HPRegen 1.05/turn    (no ring)
MPRegen 0.10/turn

%: no passive effects
@: very quick
A: very small, no large weapons, unfitting armour, see invisible, speed 3
a: no special abilities


You were on level 4 of the Dungeon.
You visited 1 branch of the dungeon, and saw 5 of its levels.

You collected 189 gold pieces.
You spent 60 gold pieces at shops.


Innate Abilities, Weirdness & Mutations

You are very small and have problems with some larger weapons.
You are too small for most types of armour.
You have supernaturally acute eyesight. (SInv)
You cover ground extremely quickly. (Speed+++)


   Skills:
 - Level 2.1 Fighting
 + Level 6.9 Ranged Weapons
 - Level 6.0 Dodging
 - Level 1.5 Stealth


You had 5 spell levels left.
You didn't know any spells.
Your spell library was empty.

Inventory:

Hand Weapons
 a - a +3 heavy shortbow (weapon)
Armour
 c - a +0 robe (worn)
Jewellery
 h - an amulet of regeneration (around neck)
Wands
 f - a wand of flame (3)
Scrolls
 m - 2 scrolls of enchant armour
Potions
 d - 2 potions of enlightenment
 e - a potion of cancellation

Dungeon Overview and Level Annotations

Branches:
Dungeon (5/15)
 Temple: D:4-7

Altars:
Uskayaw
Wu Jian

Shops:
D:2 :*==(


Message History

You start waiting.
Your surroundings suddenly seem different.
Enter note:
Enter note:
Enter note: You see here a +1 whip of electrocution.
There is a stone staircase leading down here.
You climb downwards.
There is a stone staircase leading up here.
You now have enough gold to buy a potion of haste on D:2.
You can access your shopping list by pressing '$'.
You now have 129 gold pieces (gained 17).
A howler monkey comes into view.
Things that are here:
7 poisoned darts; a +0 dagger; a kobold skeleton You shoot an arrow.
The howler monkey howls!
The arrow hits the howler monkey.
The howler monkey is lightly wounded.
You shoot an arrow. The arrow hits the howler monkey!
The howler monkey is almost dead.
An ogre comes into view. It is wielding a +0 giant club.
You shoot an arrow.
The arrow closely misses the howler monkey.
The howler monkey hoots and howls with incredible vigour!
You shoot an arrow.
The arrow closely misses the howler monkey.
The howler monkey hoots and howls with incredible vigour!
You hear an angry hiss.
You shoot an arrow. The arrow hits the howler monkey!
You kill the howler monkey!
The ogre hits you with a +0 giant club!!
Ouch! That really hurt!
You shoot an arrow. The arrow hits the ogre.
The ogre is lightly wounded.
The ogre completely misses you.
You shoot an arrow. The arrow completely misses the ogre.
The ogre hits you with a +0 giant club!
Ouch! That really hurt!
You die...

#####.).%..# ...
#...%..# .####..
#......#
......###......###
#.....####......#
#.....# #..###.# #.....#
#...##.#
##...O%######.##.#
#.....@..##.....###
#.................##
#......#....##.....#
###....#....##.....#
#....#.........77..# .
#....#..~~.)...77(.#
..##......)~~)._........
........#...).)%......#.
...<....#...[....##...#


You could see an ogre.

Vanquished Creatures
  A water moccasin (D:3)
  A centaur (D:5)
  A howler monkey (D:4)
  2 orc priests
  3 orc wizards
  3 adders
  2 dart slugs
  2 ribbon worms
  17 orcs
  3 endoplasms
  7 giant cockroaches
  4 goblins
  8 hobgoblins
  10 jackals
  A quokka (D:1)
  8 ball pythons
  A bat (D:1)
  4 frilled lizards
  9 kobolds
  2 rats
89 creatures vanquished.

Notes
Turn   | Place    | Note
-------+----------+-------------------------------------------
     0 | D:1      | qw the Spriggan Hunter began the quest for the Orb.
     0 | D:1      | Reached XP level 1. HP: 10/10 MP: 2/2
     0 | D:1      | 0 ||| qw: Version: 0.3-a-158-g18b3111
     0 | D:1      | 0 ||| qw: Game counter: 4236
     0 | D:1      | 0 ||| qw: Melee chars always use a shield: true
     0 | D:1      | 0 ||| qw: God list: Okawaru
     0 | D:1      | 0 ||| qw: Allow faded altars: false
     0 | D:1      | 0 ||| qw: Do Orc after clearing Dungeon:15 true
     0 | D:1      | 0 ||| qw: Do second Lair branch before Depths: true
     0 | D:1      | 0 ||| qw: Lair rune preference: random
     0 | D:1      | 0 ||| qw: Goals: Normal
     0 | D:1      | 0 ||| PLANNING D:1-11
    64 | D:1      | Reached skill level 3 in Dodging
    90 | D:1      | Reached XP level 2. HP: 14/14 MP: 3/3
   544 | D:1      | 544 ||| UPGRADING to amulet of regeneration.
   549 | D:1      | 549 ||| READING 3 scrolls labelled EDDOCL PICU.
   549 | D:1      | 549 ||| ENCHANTING +0 shortbow.
   550 | D:1      | 550 ||| READING 2 scrolls of enchant weapon.
   550 | D:1      | 550 ||| ENCHANTING +1 shortbow.
   551 | D:1      | 551 ||| READING scroll of enchant weapon.
   551 | D:1      | 551 ||| ENCHANTING +2 shortbow.
   552 | D:1      | 552 ||| DRINKING 2 blue potions.
   553 | D:1      | 553 ||| DROPPING scroll of butterflies.
   565 | D:2      | Found Korrur's Weapon Boutique.
   573 | D:2      | 573 ||| SHOPLISTING +1 arbalest of electrocution (182 gold,
                  | have 42).
   591 | D:2      | Found Eseafiy's Jewellery Boutique.
   594 | D:2      | 594 ||| SHOPLISTING amulet of reflection (390 gold, have
                  | 47).
   594 | D:2      | 594 ||| SHOPLISTING ring of Xom's Inspiration {Will++ AC+4
                  | Int+3} (822 gold, have 47).
   594 | D:2      | 594 ||| SHOPLISTING ring of poison resistance (260 gold,
                  | have 47).
   594 | D:2      | 594 ||| SHOPLISTING ring of positive energy (260 gold, have
                  | 47).
   594 | D:2      | 594 ||| SHOPLISTING ring of resist corrosion (260 gold,
                  | have 47).
   628 | D:2      | Reached XP level 3. HP: 18/18 MP: 4/4
   633 | D:2      | Found Zuryishi's Jewellery Boutique.
   644 | D:2      | 644 ||| SHOPLISTING ring of positive energy (200 gold, have
                  | 61).
   690 | D:2      | Found Boggyih's General Store.
   694 | D:2      | 694 ||| BUYING potion of enlightenment (60 gold).
   694 | D:2      | Bought a potion of enlightenment for 60 gold pieces
   694 | D:2      | 694 ||| SHOPLISTING potion of haste (120 gold, have 12).
   708 | D:2      | Found Engirr's Book Shoppe.
  1183 | D:2      | 1183 ||| READING scroll labelled DAYXTO UHISI.
  1198 | D:3      | Found a faded altar of an unknown god.
  1285 | D:3      | Reached XP level 4. HP: 22/22 MP: 5/5
  1310 | D:3      | 1310 ||| FLEEEEING.
  1311 | D:3      | 1311 ||| FLEEEEING.
  1312 | D:3      | 1312 ||| FLEEEEING.
  1320 | D:3      | 1320 ||| FLEEEEING.
  1321 | D:3      | 1321 ||| FLEEEEING.
  1322 | D:3      | 1322 ||| FLEEEEING.
  1323 | D:3      | 1323 ||| FLEEEEING.
  1324 | D:3      | 1324 ||| FLEEEEING.
  1325 | D:3      | 1325 ||| FLEEEEING.
  1328 | D:3      | 1328 ||| FLEEEEING.
  1329 | D:3      | 1329 ||| FLEEEEING.
  1330 | D:3      | 1330 ||| FLEEEEING.
  1331 | D:3      | 1331 ||| FLEEEEING.
  1332 | D:3      | 1332 ||| FLEEEEING.
  1485 | D:3      | Reached XP level 5. HP: 26/26 MP: 6/6
  1490 | D:3      | Noticed a water moccasin
  1495 | D:3      | Killed a water moccasin
  1496 | D:3      | Reached skill level 6 in Ranged Weapons
  1646 | D:3      | You fall into a shaft and drop 2 floors!
  1646 | D:5      | Entered Level 5 of the Dungeon
  1667 | D:5      | Noticed a centaur
  1671 | D:5      | Killed a centaur
  1672 | D:5      | Reached skill level 6 in Dodging
  1672 | D:5      | Reached XP level 6. HP: 13/30 MP: 7/7
  1704 | D:5      | Noticed a +0 hand axe
  1705 | D:5      | Found a hide-covered altar of Uskayaw.
  1705 | D:5      | Noticed a +0 dagger
  1738 | D:5      | 1738 ||| READING scroll labelled MORAIMM RUR FYSIA.
  1738 | D:5      | 1738 ||| BRANDING +3 shortbow.
  1739 | D:5      | 1739 ||| READING 3 scrolls labelled MONUWE NOACH.
  1739 | D:5      | 1739 ||| ENCHANTING +3 heavy shortbow.
  1771 | D:4      | Found an ornate altar of the Wu Jian Council.
  1791 | D:4      | 1791 ||| DRINKING grey potion.
  1792 | D:4      | 1792 ||| DRINKING lumpy purple potion.
  1793 | D:4      | 1793 ||| DRINKING pink potion.
  1794 | D:4      | 1794 ||| DRINKING black potion.
  1795 | D:4      | 1795 ||| DRINKING orange potion.
  2091 | D:3      | 2091 ||| READING scroll labelled JULEWEUTZY.
  2145 | D:4      | HP: 6/30 [ogre/+0 giant club (24)]
  2147 | D:4      | Mangled by an ogre

Levels and vault maps discovered:
D:1:      amcnicky_arrival_flooded_fountain, layout_basic
D:2:      layout_loops_ring, serial_shops, shop_fountains, nicolae_shop_stone,
          shop, nicolae_shop_statue_plus, shop, roderic_lattice_a
D:3:      layout_basic, nicolae_ecumenical_pavilion
D:4:      layout_basic, nicolae_wu_jian_wuxing_cycle
D:5:      layout_gridville, dancing_weapons_uskayaw, grunt_decor_arrowhead,
          nicolae_stop_n_shop_1

Skill      XL: |  1  2  3  4  5 |
---------------+----------------+-----
Dodging        | 3 4 5 6 |  6.0
Ranged Weapons | 5 6 |  6.9
Fighting       | 2 |  2.1
Stealth        | |  1.5

Action                     |  1- 3 |  4- 6 || total
---------------------------+-------+-------++-------
   Fire: Shortbow          |    89 |   121 ||   210
    Use: Scroll            |     4 |     3 ||     7
         Potion            |     1 |     5 ||     6
 Armour: Robe              |     7 |    22 ||    29
         Skin              |       |    89 ||    89
  Dodge: Dodged            |     6 |    85 ||    91

Table legend:
 A = Non-vault XP
 B = Vault XP
 C = Vault XP percentage of total XP
 D = Non-vault monster count
 E = Vault monster count
 F = Vault count percentage of total count
                 A         B        C        D         E       F
            +---------+---------+-------+---------+---------+-------
      Total |     692 |       0 |   0.0 |      89 |       0 |   0.0
            +---------+---------+-------+---------+---------+-------
        D:1 |      36 |       0 |   0.0 |      21 |       0 |   0.0
        D:2 |      52 |       0 |   0.0 |      18 |       0 |   0.0
        D:3 |     278 |       0 |   0.0 |      27 |       0 |   0.0
        D:4 |     218 |       0 |   0.0 |      22 |       0 |   0.0
        D:5 |     108 |       0 |   0.0 |       1 |       0 |   0.0
            +---------+---------+-------+---------+---------+-------
